 Dungeon Crawl Stone Soup version 0.28-a0-239-g68911e0c57 (webtiles) character file.

Game seed: 14707881307529673932

25 senseless the Skirmisher (level 2, 0/24 HPs)
             Began as a Demonspawn Monk on Aug 23, 2021.
             Succumbed to a goblin's poison
             ... on level 2 of the Dungeon.
             The game lasted 00:01:24 (1322 turns).

senseless the Skirmisher (Demonspawn Monk)          Turns: 1322, Time: 00:01:25

Health: 0/24       AC:  2    Str: 11    XL:     2   Next: 82%
Magic:  2/2        EV: 13    Int: 11    God:
Gold:   67         SH:  0    Dex: 15    Spells: 1/1 levels left

rFire   . . .      SeeInvis .   a - +0 mace
rCold   . . .      Faith    .   (no shield)
rNeg    . . .      Spirit   .   b - +0 robe
rPois   .          Reflect  .   (helmet restricted)
rElec   .          Harm     .   (no cloak)
rCorr   .          Rampage  .   (no gloves)
Will    .....                   (no boots)
Stlth   ++........              (no amulet)
HPRegen 0.08/turn               i - ring of flight
MPRegen 0.08/turn               (no ring)

@: brilliant, lethally poisoned (0 -> -8), flying
A: antennae 1
a: no special abilities


You were on level 2 of the Dungeon.
You visited 1 branch of the dungeon, and saw 2 of its levels.

You collected 67 gold pieces.

Inventory:

Hand Weapons
 a - a +0 mace (weapon)
Armour
 b - a +0 robe (worn)
Jewellery
 i - a ring of flight (left hand)
Scrolls
 e - a scroll of noise {unknown}
 f - 2 scrolls of blinking {unknown}
 k - a scroll of teleportation {unknown}
Potions
 d - a potion of lignification {unknown}
 g - a potion of curing {unknown}
 h - a potion of heal wounds {unknown}
 j - a potion of invisibility {unknown}


   Skills:
 + Level 3.2 Fighting
 + Level 3.1 Maces & Flails
 + Level 2.9 Dodging
 + Level 2.1 Stealth


You had one spell level left.
You didn't know any spells.
Your spell library was empty.

Dungeon Overview and Level Annotations

Branches:
Dungeon (2/15)

Altars:


Innate Abilities, Weirdness & Mutations

You have a pair of small antennae on your head.


Message History

Done exploring.
Search for what [? for help]? .
Things that are here:
a +0 club; a goblin corpse
There is an open door here.
There is a stone staircase leading down here.
You see here a +0 dagger.
You fly downwards.
There is a stone staircase leading up here.
There is a stone staircase leading up here.
A goblin comes into view. It is wielding a +1 dagger of venom.
The goblin shouts!
Found a stone staircase leading up.
The goblin completely misses you.
You hit the goblin.
The goblin is severely wounded.
The goblin closely misses you.
You closely miss the goblin.
The goblin is severely wounded.
The goblin hits you with a +1 dagger of venom.
You are poisoned.
You barely miss the goblin.
The goblin is severely wounded.
You feel very sick.
The goblin hits you with a +1 dagger of venom.
You are lethally poisoned!
A jackal comes into view.
The jackal barks!
You sock the goblin!
You kill the goblin!
You feel very sick.
You are too injured to fight recklessly!
You are too injured to fight recklessly!
* * * LOW HITPOINT WARNING * * *
You feel very sick.
* * * LOW HITPOINT WARNING * * *
You feel very sick.
It was a potion of brilliance.
You feel clever all of a sudden.
You die...

#.##.#.# #.##.#.# #
#.##.#.# .. #.##...#
..h #.##.<## ....
#..#..# .<... ##...##
......###### #....#
♣..)..@.# ##....#
......####.####.....#
.#### #..##..#...#
##....##...#
#....##...#
#...####### #####


There were no monsters in sight!

Vanquished Creatures
  2 dart slugs (D:1)
  An endoplasm (D:1)
  4 goblins
  4 hobgoblins (D:1)
  2 kobolds (D:1)
  2 ball pythons (D:1)
  A bat (D:1)
  2 frilled lizards (D:1)
  A rat (D:1)
19 creatures vanquished.

Notes
Turn   | Place    | Note
-------+----------+-------------------------------------------
     0 | D:1      | senseless the Demonspawn Monk began the quest for the Orb.
     0 | D:1      | Reached XP level 1. HP: 18/18 MP: 1/1
     4 | D:1      | Noticed a four-headed hydra
     8 | D:1      | Noticed a black mamba
   364 | D:1      | Gained mutation: You have a pair of small antennae on your
                  | head. [demonic ancestry]
   364 | D:1      | Reached XP level 2. HP: 20/24 MP: 2/2
  1322 | D:2      | Succumbed to a goblin's poison

Illustrated notes

Levels and vault maps discovered:
D:1:      sevenhm_arrival_forest_fort_small_2, layout_basic, minivault_25,
          minmay_door_square, minmay_small_reverse_x
D:2:      layout_rooms, hellmonk_ecumenical_altar_heavens_door, serial_shops,
          shop, basic_altar, grunt_ministairs_2, uniq_sigmund

Skill      XL: |  1  2 |
---------------+-------+-----
Stealth        | 2 |  2.1
Maces & Flails | 3 |  3.1
Fighting       | |  3.2
Dodging        | |  2.9

Action                   || total
-------------------------++-------
Melee: Mace              ||    53
  Use: Potion            ||     1
 Stab: Sleeping          ||     5
Armor: Robe              ||     6
Dodge: Dodged            ||    27

Table legend: (Time is in decaauts)
 A = Elapsed time spent in this place.
 B = Non-inter-level travel time spent in this place.
 C = Inter-level travel time spent in this place.
 D = Time resting spent in this place.
 E = Time spent auto-exploring this place.
 F = Levels seen in this place.
 G = Mean time per level.
                   A        B        C        D        E       F      G
               +--------+--------+--------+--------+--------+-----+--------+
         Total |   1334 |   1239 |     95 |      0 |   1079 |   2 |  667.0 |
       Dungeon |   1334 |   1239 |     95 |      0 |   1079 |   2 |  667.0 |
               +--------+--------+--------+--------+--------+-----+--------+

Top non-repeatable levels by time:
     D:1: 1300 daAuts
     D:2: 33 daAuts
